 Dungeon Crawl Stone Soup version 0.27.1-34-g3ba077fa99 (webtiles) character file.

Game seed: 1582625620607761956

257 vvl the Changer (level 5, -4/42 HPs)
             Began as a Draconian Transmuter on Jan 19, 2022.
             Succumbed to an orc wizard's poison
             ... on level 5 of the Dungeon.
             The game lasted 00:06:21 (4389 turns).

vvl the Changer (Draconian Transmuter)              Turns: 4389, Time: 00:06:22

Health: -4/42      AC:  5    Str: 13    XL:     5   Next: 93%
Magic:  3/3        EV: 11    Int: 13    God:
Gold:   272        SH:  3    Dex: 12    Spells: 8/9 levels left

rFire    . . .     SeeInvis .   l - +2 mace (antimagic)
rCold    . . .     Faith    .   q - +0 buckler
rNeg     . . .     Spirit   .   (armour unavailable)
rPois    .         Reflect  .   (helmet unavailable)
rElec    .         Harm     .   (no cloak)
rCorr    .         Rampage  .   (no gloves)
Will     .....                  (boots currently unavailable)
Stlth    +.........             (no amulet)
HPRegen  0.14/turn              (no ring)
MPRegen  0.08/turn              (no ring)

@: mighty, lethally poisoned (-4 -> -24), appendages (expiring), flying
A: horns 3, talons 2, AC +5, unfitting armour, cold-blooded
a: End Transformation


You were on level 5 of the Dungeon.
You had temporarily grown beastly horns and talons.
You visited 1 branch of the dungeon, and saw 5 of its levels.

You collected 272 gold pieces.

Inventory:

Hand Weapons
 l - a +2 antimagic mace (weapon)
Armour
 q - a +0 buckler (worn)
Jewellery
 d - a ring of fire
Scrolls
 b - 3 scrolls of magic mapping {unknown}
 e - a scroll of enchant weapon {unknown}
 f - a scroll of vulnerability {unknown}
 j - 6 scrolls of identify {unknown}
 k - a scroll of fear {unknown}
 m - a scroll of fog {unknown}
 o - a scroll of blinking {unknown}
 p - a scroll of teleportation {unknown}
 r - 2 scrolls of amnesia {unknown}
Potions
 a - a potion of flight
 c - a potion of might
 g - 2 potions of mutation
 h - 2 potions of magic {unknown}
 i - a potion of heal wounds {unknown}
 n - a potion of brilliance {unknown}


   Skills:
 + Level 2.6 Fighting
 + Level 2.7 Dodging
 + Level 0.3 Shields
 + Level 3.8 Unarmed Combat
 + Level 2.9 Spellcasting
 * Level 3.9 Transmutations


You had 8 spell levels left.
You knew the following spells:

 Your Spells              Type           Power      Damage    Failure   Level
a - Beastly Appendage     Tmut           24%        N/A       8%          1

Your spell library contained the following spells:

 Spells                   Type           Power      Damage    Failure   Level
 Wereblood                Tmut           12%        N/A       12%         2
 Apportation              Tloc           2%         N/A       36%         1
 Spider Form              Tmut/Pois      3%         N/A       45%         3
 Ice Form                 Ice/Tmut       6%         N/A       86%         4
 Alistair's Intoxication  Tmut/Pois      4%         N/A       99%         5
 Invisibility             Hex            0%         N/A       100%        6


Dungeon Overview and Level Annotations

Branches:
Dungeon (5/15)
 Temple: D:4-7

Altars:
Nemelex Xobeh
Okawaru
Wu Jian
The Shining One


Innate Abilities, Weirdness & Mutations

You have temporarily grown beastly horns and talons.
Your plain brown scales are hard. (AC +5)
You cannot fit into any form of body armour.
You are cold-blooded and may be slowed by cold attacks.


Message History

The orc wizard points at you and mumbles some strange words.
The puff of flame hits you!
You completely miss the orc wizard.
The orc wizard is heavily wounded.
The orc wizard hits you but does no damage.
The orc hits you but does no damage.
You hear some strange, mumbled words.
A magic dart appears from out of thin air!
The magic dart hits you! You block the orc wizard's attack.
The orc hits you with a +0 falchion. Something hits you.
You are poisoned.
You barely miss the orc wizard. You claw the orc wizard.
Your headbutt misses the orc wizard.
The orc wizard is severely wounded.
You feel very sick. You block the orc wizard's attack.
You block the orc's attack. Something hits you.
* * * LOW HITPOINT WARNING * * *
You are lethally poisoned!
Your transformation is almost over.
* * * LOW HITPOINT WARNING * * *
You feel very sick. The orc wizard misses you.
It was a potion of mutation.
You feel extremely strange. The horns on your head grow some more.
* * * LOW HITPOINT WARNING * * *
You feel very sick. The orc wizard barely misses you.
The orc hits you with a +0 falchion.
* * * LOW HITPOINT WARNING * * *
It was a potion of might.
You feel very mighty all of a sudden.
* * * LOW HITPOINT WARNING * * *
You feel sick.
The orc wizard hits you but does no damage.
You block the orc's attack. Something hits you but does no damage.
You are more poisoned.
It was a potion of flight.
You feel very buoyant.
You fly up into the air.
You die...

.#
#..#........###.#
###..#.### .#
#.†....#
#.##.#.##..#
#.#.........
#.#)###.###.
#.....#.#
#...###.#
#@.......
#oo......
#o..###.# #.....#
# ....### .....
###.... ..#.#
..#.#


You could see an orc wizard and 2 orcs.

Vanquished Creatures
  A water moccasin skeleton (D:4)
  A jelly (D:4)
  An orc priest (D:3)
  An adder (D:5)
  5 gnolls
  3 worms
  3 dart slugs
  7 orcs
  6 endoplasms
  4 giant cockroaches
  2 hobgoblins (D:2)
  4 jackals (D:2)
  6 quokkas
  8 ball pythons
  11 bats
  2 frilled lizards (D:1)
  4 goblins
  6 kobolds
  4 rats
79 creatures vanquished.

Notes
Turn   | Place    | Note
-------+----------+-------------------------------------------
     0 | D:1      | vvl the Draconian Transmuter began the quest for the Orb.
     0 | D:1      | Reached XP level 1. HP: 16/16 MP: 3/3
   192 | D:1      | Reached XP level 2. HP: 9/23 MP: 3/5
   872 | D:1      | Reached XP level 3. HP: 22/28 MP: 4/6
  1847 | D:2      | Reached XP level 4. HP: 26/36 MP: 4/7
  2117 | D:2      | Found a faded altar of an unknown god.
  2669 | D:3      | Reached XP level 5. HP: 13/41 MP: 6/9
  3469 | D:4      | Found an ornate altar of the Wu Jian Council.
  3996 | D:4      | Found a sparkling altar of Nemelex Xobeh.
  4172 | D:4      | Found a glowing golden altar of the Shining One.
  4181 | D:4      | Found an iron altar of Okawaru.
  4229 | D:5      | Entered Level 5 of the Dungeon
  4387 | D:5      | Gained mutation: You have a pair of large horns on your
                  | head. [potion of mutation]
  4388 | D:5      | HP: 1/42 [poisoned by an orc wizard]
  4389 | D:5      | Succumbed to an orc wizard's poison

Illustrated notes

Levels and vault maps discovered:
D:1:      dpeg_arrival_long_road, layout_rooms, minmay_pentomino_s2
D:2:      layout_rooms, shapermc_ecumenical_altar_mp_highgroup
D:3:      layout_basic
D:4:      layout_rooms, nicolae_wu_jian_immortal_techniques,
          nemelex_dance_club_becter, mainiacjoe_overflow_swirl
D:5:      layout_rooms, gammafunk_ghost_nasty_kobolds,
          minmay_misc_feat_nine_boxes

Skill      XL: |  1  2  3  4 |
---------------+-------------+-----
Dodging        | 2 |  2.7
Transmutations | 3 |  3.9
Fighting       | 2 |  2.6
Shields        | |  0.3
Unarmed Combat | |  3.8
Spellcasting   | |  2.9

Action                   |  1- 3 |  4- 6 || total
-------------------------+-------+-------++-------
Melee: Unarmed           |   117 |    63 ||   180
       Kick              |    19 |    22 ||    41
       Headbutt          |    13 |    14 ||    27
       Punch             |     2 |       ||     2
       Tailslap          |     3 |     8 ||    11
       Mace              |       |    44 ||    44
 Cast: Beastly Appendage |    22 |    25 ||    47
  Use: Potion            |       |     3 ||     3
Armor: Skin              |    38 |    30 ||    68
Dodge: Dodged            |    83 |    72 ||   155
Block: Buckler           |       |     7 ||     7
